 Dungeon Crawl Stone Soup version 0.17.0 (webtiles) character file.

3583 Eucla the Cruncher (level 9, -3/85 HPs)
             Began as a Minotaur Gladiator on Nov 10, 2015.
             Was an Elder of Makhleb.
             Killed from afar by Erica (17 damage)
             ... with a bolt of poison
             ... on level 8 of the Dungeon.
             The game lasted 00:12:46 (8007 turns).

Eucla the Cruncher (Minotaur Gladiator)             Turns: 8007, Time: 00:12:46

Health: -3/85      AC: 14    Str: 19    XL:     9   Next: 85%
Magic:  10/10      EV:  8    Int:  5    God:    Makhleb [****..]
Gold:   400        SH:  0    Dex: 15    Spells: 0 memorised, 8 levels left

rFire  . . .     SeeInvis .     a - +0 quarterstaff
rCold  . . .     Clarity  .     t - +4 chain mail
rNeg   . . .     SustAt   .     (shield currently unavailable)
rPois  .         Gourm    .     c - +1 hat
rElec  .         Spirit   .     r - +0 cloak {MR+}
rCorr  .         Warding  .     (no gloves)
rMut   .         Rnd*Tele +     (no boots)
MR     +....                    (no amulet)
Stlth  ..........               l - ring of teleportation (curse)
                                (no ring)

@: lethally poisoned (-3 -> -33), somewhat resistant to hostile enchantments,
extremely unstealthy
A: retaliatory headbutt, horns 2
a: Minor Destruction, Lesser Servant of Makhleb, Major Destruction, Renounce
Religion, Evoke Teleportation


You were on level 8 of the Dungeon.
You worshipped Makhleb.
Makhleb was greatly pleased with you.
You were not hungry.

You visited 1 branch of the dungeon, and saw 8 of its levels.
You also visited: Sewer.

You collected 400 gold pieces.

Inventory:

Hand Weapons
 a - a +0 quarterstaff (weapon)
Missiles
 d - 3 throwing nets (quivered)
Armour
 c - a +1 hat (worn)
 r - a +0 cloak of magic resistance (worn)
 t - a +4 chain mail (worn)
Jewellery
 j - the ring of the Trout {+Fly rElec rC- rN+ Stlth-}
   (You found it on level 5 of the Dungeon)

   [ring of loudness]

   It makes you vulnerable to cold.
   It insulates you from electricity.
   It protects you from negative energy.
   It lets you fly.
   It makes you less stealthy.
 l - a cursed ring of teleportation (right hand)
 o - an uncursed ring of wizardry
Wands
 k - a wand of lightning (11)
 n - a wand of random effects (9)
 p - a wand of confusion (18)
Scrolls
 f - 4 scrolls of enchant armour
 m - 2 scrolls of identify
 s - 4 scrolls of remove curse
 v - a scroll of fog
 x - a scroll of noise {unknown}
 y - a scroll of vulnerability {unknown}
 z - 3 scrolls of teleportation
 D - a scroll of recharging {unknown}
Potions
 b - a potion of curing
 i - a potion of cure mutation {unknown}
 u - 3 potions of haste
 w - a potion of resistance
 A - 3 potions of flight
 B - 2 potions of might
 F - a potion of mutation {unknown}
Books
 q - a book of Conjurations

   Spells                             Type                      Level
   a - Magic Dart                     Conjuration                  1
   b - Searing Ray                    Conjuration                  2
   c - Dazzling Spray                 Conjuration/Hexes            3
   d - Fulminant Prism                Conjuration/Hexes            4
   e - Iskenderun's Mystic Blast      Conjuration                  4
   f - Iskenderun's Battlesphere      Conjuration/Charms           5
 C - a book of Enchantments

   Spells                             Type                      Level
   a - Cause Fear                     Hexes                        4
   b - Silence                        Hexes/Air                    5
   c - Deflect Missiles               Charms/Air                   6
   d - Haste                          Charms                       6
   e - Discord                        Hexes                        8
Comestibles
 e - 9 bread rations
 g - 4 meat rations


   Skills:
 + Level 9.8 Fighting
 * Level 13.3 Staves
 - Level 2.0 Throwing
 - Level 3.2 Dodging
 + Level 3.0 Invocations


You had 8 spell levels left.
You didn't know any spells.

Dungeon Overview and Level Annotations

Branches:
Dungeon (8/15)             Temple (0/1) D:5
   Lair: D:8-11

Altars:
Ashenzari
Elyvilon
Fedhas
Makhleb
Okawaru
Qazlal
Sif Muna
Trog
Vehumet
Yredelemnul
Beogh

Portals:
Bailey: D:8

Annotations:
D:8 Erica


Innate Abilities, Weirdness & Mutations

You reflexively headbutt those who attack you in melee.
You have a pair of horns on your head.


Message History

You see here a tomahawk.
Unknown command.
Drink which item? (? for menu, Esc to quit)
You feel much better.
You feel sick.
The orc warrior throws a tomahawk.
The tomahawk hits you.
You feel sick. Something hits you!
* * * LOW HITPOINT WARNING * * *
Something burns you.
* * * LOW HITPOINT WARNING * * *
* * * LOW HITPOINT WARNING * * *
You feel sick.
* * * LOW HITPOINT WARNING * * *
You feel sick.
You hear some strange, mumbled words.
Something tries to affect you, but you resist.
You hear some strange, mumbled words.
A bolt of poison appears from out of thin air!
The bolt of poison hits you!
You are lethally poisoned!
You die...

##............#....
##.............###..
###..........(....# #
#.............(...##.#
#............(.........
#.........(.(?.#.....#
#.....{((.............
....###...o......#.⌠.⌠.#
. #.@...o...#........
#...##...##.#.....#
....(#######...._...
......## .#....
........# .... .........
......... .......##


You could see an orc warrior and an orc.

Vanquished Creatures
  Pikel (D:7)
  Grinder (D:4)
  Sigmund (D:2)
  Eustachio (D:4)
  Menkaure (D:5)
  2 orc warriors (D:7)
  A sky beast (D:6)
  An ogre (D:6)
  3 centaurs
  4 giant frogs
  A big kobold (Sewer)
  A gnoll sergeant (D:8)
  5 scorpions
  A crimson imp (D:7)
  2 giant frog zombies
  3 iron imps (D:3)
  7 orc priests
  A hound (D:4)
  Crazy Yiuf (D:5)
  8 orc wizards
  7 worker ants
  An iguana (D:6)
  A killer bee zombie (D:4)
  A hound skeleton (D:4)
  Robin (D:4)
  8 gnolls
  8 adders
  4 river rats
  A shadow imp (D:5)
  2 oozes
  5 worms
  An adder skeleton (D:7)
  6 giant geckos
  33 orcs
  9 bats
  5 giant cockroaches
  7 hobgoblins
  4 jackals
  5 quokkas
  4 ball pythons
  A giant gecko skeleton (D:4)
  5 giant newts
  2 gnoll zombies (D:3)
  13 goblins
  16 kobolds
  10 rats
206 creatures vanquished.

Vanquished Creatures (others)
  A centaur (D:7)
  A slave (D:7)
  A giant frog skeleton (D:7)
  2 orcs
5 creatures vanquished.

Grand Total: 211 creatures vanquished

Notes
Turn   | Place    | Note
--------------------------------------------------------------
     0 | D:1      | Eucla the Minotaur Gladiator began the quest for the Orb.
     0 | D:1      | Reached XP level 1. HP: 18/18 MP: 0/0
   140 | D:1      | Reached skill level 4 in Staves
   140 | D:1      | Reached XP level 2. HP: 23/25 MP: 1/1
   763 | D:2      | You fall through a shaft for 2 floors!
   803 | D:4      | Noticed a scorpion
   818 | D:4      | Reached XP level 3. HP: 22/31 MP: 2/2
   821 | D:4      | Reached skill level 5 in Staves
   835 | D:4      | Reached XP level 4. HP: 31/38 MP: 3/3
   844 | D:4      | Killed a scorpion
   844 | D:4      | Reached skill level 6 in Staves
   911 | D:4      | Noticed a scorpion
   932 | D:4      | Killed a scorpion
   932 | D:4      | Reached XP level 5. HP: 32/46 MP: 4/4
  1625 | D:4      | Found a deep blue altar of Sif Muna.
  1671 | D:4      | Noticed Grinder
  1672 | D:4      | Noticed Eustachio
  1683 | D:4      | Paralysed by Grinder for 5 turns
  1688 | D:4      | Killed Grinder
  1688 | D:4      | Reached skill level 5 in Fighting
  1688 | D:4      | Reached skill level 7 in Staves
  1688 | D:4      | Reached XP level 6. HP: 47/56 MP: 5/5
  1743 | D:4      | Killed Eustachio
  1743 | D:4      | Reached skill level 8 in Staves
  1743 | D:4      | Reached XP level 7. HP: 43/61 MP: 6/6
  1833 | D:4      | Noticed Robin
  1853 | D:4      | Killed Robin
  1884 | D:4      | Found a roughly hewn altar of Beogh.
  2700 | D:3      | Found a basalt altar of Yredelemnul.
  3024 | D:3      | Found a burning altar of Makhleb.
  3057 | D:3      | Reached skill level 9 in Staves
  3082 | D:3      | Became a worshipper of Makhleb the Destroyer
  3248 | D:3      | Found a stormy altar of Qazlal.
  3719 | D:2      | Reached * piety under Makhleb
  3932 | D:2      | Noticed Sigmund
  3949 | D:2      | Killed Sigmund
  3949 | D:2      | Reached XP level 8. HP: 22/71 MP: 7/7
  4573 | D:4      | Reached skill level 10 in Staves
  4596 | D:5      | Entered Level 5 of the Dungeon
  4601 | D:5      | Noticed Menkaure
  4614 | D:5      | Killed Menkaure
  4805 | D:5      | Got a translucent marble ring
  4815 | D:5      | Identified the ring of the Trout {+Fly rElec rC- rN+ Stlth-} (You found it on level 5 of the Dungeon)
  4917 | D:5      | Found a glowing drain.
  4926 | Sewer    | Entered a sewer
  4941 | Sewer    | Reached ** piety under Makhleb
  5024 | Sewer    | Found a white marble altar of Elyvilon.
  5141 | D:5      | Noticed Crazy Yiuf
  5147 | D:5      | Paralysed by Crazy Yiuf for 2 turns
  5151 | D:5      | Killed Crazy Yiuf
  5228 | D:4      | Reached skill level 11 in Staves
  5678 | D:5      | Found a blossoming altar of Fedhas.
  5723 | D:5      | Found a staircase to the Ecumenical Temple.
  6172 | D:6      | Reached XP level 9. HP: 66/82 MP: 8/8
  6243 | D:6      | Reached *** piety under Makhleb
  6413 | D:6      | Reached skill level 12 in Staves
  6420 | D:6      | Found a bloodstained altar of Trog.
  6420 | D:6      | Found an iron altar of Okawaru.
  6513 | D:6      | Found a radiant altar of Vehumet.
  6513 | D:6      | Found a shattered altar of Ashenzari.
  7023 | D:7      | Noticed Pikel
  7053 | D:7      | Killed Pikel
  7053 | D:7      | Reached skill level 1 in Invocations
  7289 | D:7      | Reached skill level 13 in Staves
  7378 | D:7      | Reached **** piety under Makhleb
  7992 | D:8      | Found a white marble altar of Elyvilon.
  7992 | D:8      | Noticed Erica
  7994 | D:8      | Found a flagged portal.
  8007 | D:8      | Killed from afar by Erica

Action                   |  1- 3 |  4- 6 |  7- 9 || total
-------------------------+-------+-------+-------++-------
Melee: Quarterstaff      |    48 |    48 |   531 ||   627
  Use: Potion            |     4 |     2 |     9 ||    15
       Scroll            |       |       |     9 ||     9
  Eat: Meat ration       |       |     1 |     1 ||     2
       Chunk             |       |       |     7 ||     7
       Fruit             |       |       |     2 ||     2
       Bread ration      |       |       |     1 ||     1
